Map: Triton LE

Players

Мороженка

  • Race: Terran Terran
  • League: Master
  • Spawn Location: 5:00

Mez - Winner!

  • Race: Terran Terran
  • League: Master
  • Spawn Location: 11:00

VOD

Have the link to the VOD?

Description

Time

  • Played on: Aug. 23, 2019, 9:26 a.m.
  • Length: 15:11
Show
View Real Time Build Order
Export as new Build Order

Мороженка Terran 

Build Orders: Gas First Reaper Expand, Liberator Opening 

Get SALT Encoding   

  12  0:01  SCV  
  13  0:13  SCV  
  14  0:17  Supply Depot  
  14  0:25  SCV  
  15  0:29  Refinery  
  15  0:39  SCV  
  16  0:45  Barracks  
  16  0:51  SCV  
  17  1:03  SCV  
  18  1:15  SCV  
  19  1:33  Orbital Command, Reaper  
  20  1:45  Command Center  
  20  1:55  Factory  
  20  1:59  SCV  
  21  2:09  Bunker, Barracks Reactor  
  21  2:11  SCV  
  22  2:21  Supply Depot  
  22  2:24  SCV  
  22  2:27  Refinery  
  23  2:39  Factory Tech Lab  
  23  2:43  SCV  
  24  2:48  Marine x2  
  26  2:54  Starport  
  26  2:55  SCV  
  27  2:59  Orbital Command  
  27  3:06  Marine x2  
  29  3:14  Cyclone  
  29  3:15  SCV  
  33  3:24  Marine x2  
  33  3:25  Liberator  
  35  3:27  SCV  
  35  3:30  SCV  
  36  3:39  SCV  
  37  3:42  Barracks  
  37  3:47  SCV  
  41  3:51  SCV  
  41  3:52  Refinery  
  42  3:57  Supply Depot  
  42  3:58  Marine x2  
  42  3:59  SCV  
  45  4:03  SCV  
  46  4:17  Supply Depot  
  46  4:19  Siege Tank, SCV  
  46  4:20  SCV  
  46  4:24  Refinery  
  51  4:26  Engineering Bay, Starport Tech Lab  
  51  4:36  SCV  
  52  4:39  SCV  
  53  4:48  SCV, Barracks Tech Lab  
  53  4:49  Marine x2  
  53  4:52  SCV  
  57  4:55  Siege Tank  
  57  4:59  Starport Reactor  
  60  5:00  SCV  
  60  5:04  SCV  
  62  5:14  Stimpack  
  62  5:17  Command Center  
  62  5:18  Supply Depot  
  62  5:22  Supply Depot  
  62  5:26  Terran Infantry Weapons Level 1  
  62  5:39  Marine x3  
  62  5:40  Siege Tank, SCV x2, Supply Depot  
  62  5:42  Medivac  
  72  5:47  Medivac  
  74  5:52  SCV  
  75  5:57  Marine x2, SCV  
  75  6:04  SCV  
  79  6:09  Marine, Barracks  
  79  6:10  Barracks  
  77  6:14  Barracks  
  77  6:21  Marine x2  
  77  6:23  Medivac x2  
  83  6:29  Siege Tank  
  86  6:34  SCV  
  86  6:35  SCV  
  82  6:54  Marine  
  82  6:55  Marine x2  
  82  6:56  Marine x2  
  87  7:05  Marine  
  87  7:06  Siege Tank  
  90  7:12  Marine x2  
  90  7:13  Marine  
  90  7:14  Marine x2  
  95  7:22  Marine  
  96  7:32  Marine  
  96  7:33  Marine  
  93  7:37  Orbital Command  
  93  7:38  Siege Tank  
  93  7:39  Combat Shield  
  96  7:49  SCV x2  
  96  7:51  Marine x2  
  100  7:55  Viking  
  100  7:57  Viking  
  94  8:06  Marine  
  94  8:10  Siege Tank  
  97  8:15  SCV x2  
  97  8:18  Barracks Reactor  
  98  8:20  Marine  
  98  8:21  Marine  
  98  8:25  Marine  
  93  8:27  Barracks Reactor  
  93  8:30  Barracks Reactor  
  91  8:38  Marine x2  
  90  8:46  Barracks, Supply Depot  
  90  8:48  Supply Depot  
  90  8:49  Terran Infantry Armor Level 1  
  90  8:50  Marine, Medivac, Supply Depot  
  90  8:52  Engineering Bay  
  90  8:53  Armory  
  93  8:58  Marine x2  
  93  9:07  Marine  
  93  9:08  Marine, Siege Tank, Medivac  
  100  9:16  Marine x2  
  99  9:20  Viking  
  99  9:21  Marine  
  99  9:24  Marine  
  98  9:40  Marine  
  98  9:41  Marine x6  
  98  9:43  Barracks Reactor  
  105  9:52  Siege Tank  
  108  9:58  Marine x5, Medivac x2  
  117  10:02  Orbital Command  
  117  10:04  Terran Infantry Weapons Level 2  
  117  10:05  Terran Vehicle Weapons Level 1  
  117  10:06  Supply Depot  
  117  10:07  Supply Depot  
  117  10:16  Supply Depot  
  117  10:23  Supply Depot  
  117  10:27  Marine x5  
  117  10:28  Siege Tank  
  125  10:29  Marine  
  126  10:36  Marine  
  126  10:41  Marine  
  128  10:49  Marine  
  119  10:50  Marine  
  115  10:57  Marine  
  115  11:00  Siege Tank  
  115  11:01  Marine  
  115  11:03  SCV x2  
  116  11:19  Marine x2  
  116  11:21  Barracks  
  105  11:25  Barracks  
  105  11:26  Supply Depot  
  104  11:37  Marine x2  
  104  11:39  Marine  
  96  11:45  Marine  
  93  11:51  Barracks  
  89  12:16  Barracks x2, Refinery x2  
  89  12:17  Barracks  
  89  12:20  Supply Depot  
  87  12:28  Marine x2  
  73  12:37  Marine  
  73  12:43  Factory Tech Lab  
  70  12:46  Marine x2  
  70  12:47  SCV  
  70  12:48  SCV  
  70  12:49  Barracks Reactor  
  70  12:50  Barracks Reactor  
  74  12:55  Marine  
  74  13:03  Marine  
  74  13:04  Marine, SCV x2  
  78  13:15  Supply Depot  
  78  13:18  Supply Depot  
  78  13:21  Starport  
  78  13:22  Sensor Tower  
  78  13:36  Marine x6  
  78  13:40  Siege Tank  
  86  13:49  Marine  
  86  13:54  Marine x5  
  92  14:01  Orbital Command  
  74  14:07  Marine  
  75  14:12  Marine x4  
  77  14:24  Starport Reactor  
  77  14:31  Barracks  
  77  14:34  Barracks  
  77  14:35  Marine x2  
  79  14:38  SCV  
  79  14:39  SCV  
  79  14:40  Factory Tech Lab  
  81  14:50  SCV  
  81  14:51  SCV  
  83  14:56  Supply Depot  
  83  14:59  Supply Depot  
Show
View Real Time Build Order
Export as new Build Order

Mez Terran - Winner!

Build Orders: Gas First Reaper Expand 

Get SALT Encoding   

  12  0:01  SCV  
  13  0:13  SCV  
  14  0:18  Supply Depot  
  14  0:25  SCV  
  14  0:27  Refinery  
  15  0:40  SCV  
  16  0:45  Barracks  
  16  0:52  SCV  
  17  1:04  SCV  
  18  1:20  SCV  
  19  1:33  Orbital Command, Reaper  
  20  1:45  Command Center  
  20  1:58  Factory  
  20  2:00  SCV  
  21  2:06  Barracks Reactor  
  21  2:12  Supply Depot  
  21  2:16  SCV  
  21  2:20  Refinery  
  22  2:28  SCV  
  23  2:40  SCV  
  23  2:42  Factory Tech Lab  
  23  2:43  Marine x2  
  26  2:52  SCV  
  26  2:55  Starport  
  26  2:58  Orbital Command  
  27  3:06  Marine x2  
  27  3:07  SCV  
  27  3:10  Factory Tech Lab  
  30  3:17  Refinery  
  30  3:19  SCV  
  31  3:30  Marine x2  
  31  3:33  SCV x2  
  35  3:39  Raven  
  37  3:44  Supply Depot  
  37  3:46  SCV x2  
  37  3:48  Marine x2  
  39  3:53  Siege Tank  
  44  3:58  SCV x2  
  46  4:06  Supply Depot  
  46  4:15  SCV x2  
  48  4:18  Marine x2  
  48  4:21  Raven  
  52  4:28  SCV x2  
  54  4:32  Siege Tank, Supply Depot  
  54  4:37  Marine  
  54  4:38  Marine  
  59  4:42  Command Center  
  59  4:44  SCV  
  59  4:45  SCV  
  61  4:58  Supply Depot  
  61  4:59  Barracks x2  
  60  5:15  Cyclone  
  63  5:22  Supply Depot  
  63  5:25  Viking x2  
  63  5:27  Marine  
  68  5:29  Stimpack  
  68  5:35  SCV  
  69  5:36  SCV  
  69  5:37  Refinery  
  70  5:47  SCV, Barracks Reactor x2  
  70  5:48  SCV  
  72  5:59  SCV  
  72  6:00  SCV, Orbital Command  
  74  6:11  SCV  
  74  6:12  SCV  
  74  6:16  Marine  
  77  6:21  Barracks  
  77  6:22  Barracks, Engineering Bay x2  
  77  6:23  SCV  
  78  6:33  Marine  
  78  6:34  Marine x3, Medivac x2  
  86  6:46  Marine  
  87  6:47  Siege Tank  
  87  6:48  SCV x2  
  87  6:51  Marine x2  
  94  6:58  Marine x2  
  96  7:04  Marine  
  97  7:09  Medivac x2  
  97  7:11  Terran Infantry Weapons Level 1  
  97  7:12  Terran Infantry Armor Level 1  
  97  7:13  Barracks Reactor  
  97  7:14  Barracks Reactor  
  101  7:17  Marine  
  101  7:29  Marine  
  101  7:31  Marine  
  101  7:32  Combat Shield  
  101  7:38  Supply Depot  
  101  7:39  Orbital Command  
  101  7:44  Marine x3, Siege Tank, SCV x2  
  101  7:47  Marine  
  101  7:48  Marine  
  90  8:06  Marine x9  
  90  8:10  SCV x3  
  102  8:15  Supply Depot  
  102  8:17  Siege Tank  
  105  8:24  Marine x2  
  107  8:39  Marine x3  
  107  8:40  Marine x4  
  115  8:41  SCV x3  
  115  8:42  Marine  
  115  8:47  Supply Depot  
  115  8:48  Medivac  
  120  8:49  Siege Tank  
  120  8:53  SCV  
  124  8:56  SCV x2  
  123  9:05  Marine x2, SCV  
  123  9:06  Medivac  
  125  9:12  SCV x2  
  126  9:17  SCV  
  126  9:24  SCV  
  125  9:33  Marine x2  
  125  9:34  Marine x7  
  125  9:38  SCV x3  
  137  9:44  Medivac x2, Supply Depot  
  141  9:46  Armory  
  141  9:50  SCV x3  
  141  9:51  Marine  
  145  9:56  Marine  
  145  9:57  Marine x2  
  148  10:04  SCV  
  148  10:05  SCV x2  
  151  10:10  Marine  
  151  10:11  Marine, Siege Tank  
  156  10:16  SCV, Factory  
  156  10:17  Refinery  
  156  10:19  Refinery  
  157  10:24  Supply Depot  
  157  10:26  Supply Depot  
  157  10:30  Supply Depot  
  157  10:45  Marine x6  
  157  10:46  Marine, SCV x3  
  157  10:47  Marine  
  161  10:51  Marine  
  150  10:58  SCV x3  
  150  11:03  Marine x2  
  149  11:10  SCV x3  
  143  11:11  Marine x7  
  143  11:12  Siege Tank  
  140  11:41  Marine x7  
  140  11:44  Siege Tank  
  140  11:45  Factory Tech Lab  
  146  11:58  Marine  
  146  12:00  Marine  
  144  12:05  Marine  
  129  12:15  Command Center  
  127  12:16  Siege Tank  
  128  12:22  Marine  
  128  12:23  Marine x8  
  128  12:24  Siege Tank  
  129  12:40  Marine  
  129  12:44  Viking  
  132  12:48  Siege Tank  
  135  12:58  SCV x2  
  137  13:19  Marine x4  
  138  13:20  Marine  
  122  13:59  Marine  
  122  14:00  Marine x7  
  125  14:10  Marine  
  125  14:11  Siege Tank x2  
  132  14:17  Marine  
  132  14:18  Marine x5  
  132  14:19  Marine  
  132  14:21  SCV x3  
  142  14:32  Medivac x2  
  142  14:33  SCV  
  150  14:56  SCV x2  
Tags
 
Add a new tag
Caveats
  • Supply blocks, unpowered buildings, or Contaminate may cause inaccurate times.
  • Supply counts are checked every 10 seconds.